[Event "9th Bangabandhu Blitz Men 2021"]
[Site "Dhaka"]
[Date "2021.04.03"]
[Round "2.8"]
[White "Uddin, Saif"]
[Black "Asaduzzaman, Ahad"]
[Result "1/2-1/2"]
[ECO "A23"]
[WhiteElo "1894"]
[BlackElo "1742"]
[Annotator "NA RC"]
[PlyCount "49"]
[EventDate "2021.04.02"]
[EventType "swiss"]
[EventCountry "BAN"]
[SourceTitle "playchess.com"]
[Source "ChessBase"]
[SourceQuality "1"]
[TimeControl "1500+10"]

1. c4 e5 2. g3 Nf6 3. Bg2 c6 4. Nc3 d5 5. cxd5 cxd5 6. Qb3 Nc6 7. Nxd5 Nd4 8. Nxf6+ Qxf6 9. Qd1 Bf5 10. e4 Be6 11. Nf3 Bg4 12. Qa4+ b5 13. Qa5 Bxf3 14. O-O Bxg2 15. Kxg2 Qf3+ 16. Kh3 Bc5 17. a4 O-O 18. d3 Nb3 19. Qc3 Nxa1 20. Qxc5 Nb3 21. Qxe5 Nxc1 22. Rxc1 Qxf2 23. axb5 Rae8 24. Qg5 Re6 25. Rc6 1/2-1/2

[Event "9th Bangabandhu Blitz Men 2021"]
[Site "Dhaka"]
[Date "2021.04.03"]
[Round "3.1"]
[White "Islam, Khandaker Aminul"]
[Black "Reefat, Bin-Sattar"]
[Result "0-1"]
[ECO "D02"]
[WhiteElo "2210"]
[BlackElo "2401"]
[Annotator "NA"]
[PlyCount "48"]
[EventDate "2021.04.02"]
[EventType "swiss"]
[EventCountry "BAN"]
[SourceTitle "playchess.com"]
[Source "ChessBase"]
[SourceQuality "1"]
[TimeControl "1500+10"]

1. Nf3 d5 2. d4 Nf6 3. Bf4 c5 4. e3 Nc6 5. Nbd2 cxd4 6. exd4 Qb6 7. Nb3 Bg4 8. h3 Bxf3 9. Qxf3 e6 10. c3 a5 11. Qe2 a4 12. Nc1 a3 13. b3 Ne4 14. Bd2 Bd6 15. Nd3 Rc8 16. Rc1 O-O 17. g3 e5 18. dxe5 Nxe5 19. Be3 d4 20. Bxd4 Qxd4 21. cxd4 Nxd3+ 22. Qxd3 Rxc1+ 23. Ke2 Re8 24. Bg2 Nc5+ 0-1

[Event "9th Bangabandhu Blitz Men 2021"]
[Site "Dhaka"]
[Date "2021.04.03"]
[Round "3.2"]
[White "Hossain, Enamul"]
[Black "Rahman, Taibur"]
[Result "1-0"]
[ECO "B22"]
[WhiteElo "2404"]
[BlackElo "2189"]
[Annotator "NA"]
[PlyCount "52"]
[EventDate "2021.04.02"]
[EventType "swiss"]
[EventCountry "BAN"]
[SourceTitle "playchess.com"]
[Source "ChessBase"]
[SourceQuality "1"]
[TimeControl "1500+10"]

1. e4 c5 2. Nf3 Nc6 3. c3 Nf6 4. e5 Nd5 5. Bc4 e6 6. d4 cxd4 7. cxd4 d6 8. O-O Be7 9. Qe2 O-O 10. Nc3 Nxc3 11. bxc3 Bd7 12. Rb1 dxe5 13. dxe5 Na5 14. Bd3 Bc6 15. Nd4 Bd5 16. f4 Rc8 17. Bd2 Nc4 18. f5 Nxd2 19. Qxd2 exf5 20. Bxf5 Rc7 21. Bc2 Bg5 22. Qd3 g6 23. Bb3 Bxb3 24. axb3 Qe7 25. Rbe1 Rfc8 26. Nb5 Rc5 1-0

[Event "9th Bangabandhu Blitz Men 2021"]
[Site "Dhaka"]
[Date "2021.04.03"]
[Round "3.4"]
[White "Anata, Choudhury"]
[Black "Mohammad Fahad, Rahman"]
[Result "0-1"]
[ECO "B51"]
[WhiteElo "2184"]
[BlackElo "2321"]
[Annotator "ChessBase"]
[PlyCount "144"]
[EventDate "2021.04.02"]
[EventType "swiss"]
[EventCountry "BAN"]
[SourceTitle "playchess.com"]
[Source "ChessBase"]
[SourceQuality "1"]
[TimeControl "1500+10"]

1. e4 c5 2. Nf3 d6 3. Bb5+ Nd7 4. d4 cxd4 5. Qxd4 Ngf6 6. O-O e5 7. Qd3 Be7 8. Bg5 O-O 9. Bxd7 Nxd7 10. Bxe7 Qxe7 11. Nc3 Nc5 12. Qe3 Be6 13. Rfd1 Rfd8 14. Nd5 Bxd5 15. Rxd5 Rdc8 16. Rad1 Rc6 17. c3 h6 18. Nd2 Na4 19. Rb1 Qe6 20. c4 Nb6 21. Rb5 Nxc4 22. Nxc4 Qxc4 23. Rxb7 Qxa2 24. Rd1 a5 25. g3 Rac8 26. Kg2 Qa4 27. Qf3 Qc4 28. Rd3 Qe6 29. Ra3 Rc5 30. Ra7 Rb8 31. R7xa5 Rxa5 32. Rxa5 Rxb2 33. Ra7 Rb3 34. Qe2 Rb8 35. Ra3 Rd8 36. Rd3 g6 37. Qf3 Kg7 38. h4 Qf6 39. Qe3 Qe7 40. Qd2 Qb7 41. Rd5 Qc6 42. Qd3 Rd7 43. Qf3 Qc4 44. h5 gxh5 45. Rd3 Rd8 46. Rc3 Qd4 47. Rd3 Qb4 48. Re3 Qb7 49. Qxh5 Qe7 50. Qg4+ Kf8 51. Qh5 Qe6 52. Qf3 Kg7 53. Rd3 Rc8 54. Rd5 Rc4 55. Rb5 Qg6 56. Rb6 Rd4 57. Rb7 Rxe4 58. Rd7 Rd4 59. Rd8 Qe6 60. Kh2 Rd2 61. Qe3 Qf6 62. Qxd2 Qxd8 63. Qd5 Qf6 64. Kg2 Qe6 65. Qe4 d5 66. Qb4 d4 67. Qd2 Qd5+ 68. f3 e4 69. fxe4 Qxe4+ 70. Kh3 d3 71. Qc3+ Kh7 72. Qf6 Qe6+ 0-1

[Event "9th Bangabandhu Blitz Men 2021"]
[Site "Dhaka"]
[Date "2021.04.03"]
[Round "3.5"]
[White "Asaduzzaman, Ahad"]
[Black "Bappi, A.b."]
[Result "1/2-1/2"]
[ECO "B06"]
[WhiteElo "1742"]
[BlackElo "1854"]
[Annotator "NA"]
[PlyCount "28"]
[EventDate "2021.04.02"]
[EventType "swiss"]
[EventCountry "BAN"]
[SourceTitle "playchess.com"]
[Source "ChessBase"]
[SourceQuality "1"]
[TimeControl "1500+10"]

1. e4 g6 2. d4 Bg7 3. f4 e6 4. Nf3 d6 5. Bd3 Ne7 6. O-O O-O 7. e5 d5 8. c3 b6 9. Na3 Bb7 10. Nc2 c5 11. Ne3 Nbc6 12. Qe2 Rc8 13. Bd2 a5 14. Rac1 c4 1/2-1/2

[Event "9th Bangabandhu Blitz Men 2021"]
[Site "Dhaka"]
[Date "2021.04.03"]
[Round "3.6"]
[White "Rahman, Ziaur"]
[Black "Jabed Al Azad"]
[Result "1-0"]
[ECO "D05"]
[WhiteElo "2432"]
[BlackElo "1983"]
[Annotator "ChessBase"]
[PlyCount "55"]
[EventDate "2021.04.02"]
[EventType "swiss"]
[EventCountry "BAN"]
[SourceTitle "playchess.com"]
[Source "ChessBase"]
[SourceQuality "1"]
[TimeControl "1500+10"]

1. d4 d5 2. Nf3 Nf6 3. e3 c5 4. c3 Nc6 5. dxc5 a5 6. Bb5 Ne4 7. b4 e6 8. Bb2 Be7 9. Nbd2 Nxd2 10. Qxd2 O-O 11. O-O Bf6 12. a3 Qc7 13. c4 Bxb2 14. Qxb2 dxc4 15. Bxc4 Rb8 16. b5 Ne7 17. Qe5 Qxe5 18. Nxe5 f6 19. Nf3 Kh8 20. a4 e5 21. Nd2 Bf5 22. e4 Bg4 23. f3 Bd7 24. Nb3 Ra8 25. Rfd1 Bc8 26. Rd6 Ng6 27. Rad1 h6 28. Rd8 1-0

[Event "9th Bangabandhu Blitz Men 2021"]
[Site "Dhaka"]
[Date "2021.04.03"]
[Round "3.8"]
[White "Hasan, Sk. Rashedul"]
[Black "Mohammad Minhaz Uddin"]
[Result "0-1"]
[ECO "C42"]
[WhiteElo "1918"]
[BlackElo "2281"]
[Annotator "ChessBase"]
[PlyCount "92"]
[EventDate "2021.04.02"]
[EventType "swiss"]
[EventCountry "BAN"]
[SourceTitle "playchess.com"]
[Source "ChessBase"]
[SourceQuality "1"]
[TimeControl "1500+10"]

1. e4 e5 2. Nf3 Nf6 3. Nxe5 d6 4. Nf3 Nxe4 5. Nc3 Nxc3 6. dxc3 Be7 7. Be3 Nc6 8. Qd2 Be6 9. Bd3 Qd7 10. h3 Ne5 11. Nxe5 dxe5 12. Qe2 O-O 13. O-O-O Qa4 14. a3 a6 15. Qh5 f5 16. g4 e4 17. Be2 f4 18. Bc5 Bxc5 19. Qxc5 f3 20. Rd4 Qe8 21. Bc4 Bf7 22. Qxc7 e3 23. fxe3 Rc8 24. Bxf7+ Rxf7 25. Qb6 Qxe3+ 26. Kb1 Re8 27. Qb3 f2 28. Rdd1 Ref8 29. Rhf1 Kh8 30. Ka2 h6 31. h4 Qg3 32. g5 h5 33. g6 Re7 34. Rd3 Qxg6 35. Rd2 Ref7 36. Qd5 Rf5 37. Qd4 Qg2 38. Rdd1 R8f7 39. Qd8+ Kh7 40. Qd3 g6 41. Qc4 b5 42. Qc6 Qxc6 43. Rd2 Qc4+ 44. Kb1 Qxf1+ 45. Ka2 Qc4+ 46. b3 Qxc3 0-1

[Event "9th Bangabandhu Blitz Men 2021"]
[Site "Dhaka"]
[Date "2021.04.03"]
[Round "4.1"]
[White "Reefat, Bin-Sattar"]
[Black "Mohammad Fahad, Rahman"]
[Result "1-0"]
[ECO "B20"]
[WhiteElo "2401"]
[BlackElo "2321"]
[Annotator "ChessBase"]
[PlyCount "97"]
[EventDate "2021.04.02"]
[EventType "swiss"]
[EventCountry "BAN"]
[SourceTitle "playchess.com"]
[Source "ChessBase"]
[SourceQuality "1"]
[TimeControl "1500+10"]

1. e4 c5 2. b3 Nf6 3. e5 Nd5 4. Bb2 g6 5. g3 Bg7 6. Bg2 Nc7 7. f4 O-O 8. Nf3 Nc6 9. O-O d6 10. d3 Bg4 11. Qe1 dxe5 12. Nxe5 Nxe5 13. fxe5 Rb8 14. Nd2 Qd7 15. Ne4 b6 16. Rf4 Nd5 17. Rf2 Bh6 18. Bc1 Bg7 19. Bb2 Rbd8 20. a3 Rc8 21. Qd2 b5 22. Re1 Nb6 23. Qf4 Be6 24. Ng5 Bh6 25. Qh4 Bxg5 26. Qxg5 c4 27. dxc4 bxc4 28. b4 c3 29. Bc1 Nc4 30. Rf4 Rfd8 31. Rh4 h5 32. Rxh5 Qd4+ 33. Kh1 Qg4 34. Qxg4 Bxg4 35. Rh4 Bf5 36. Bg5 Rd7 37. Kg1 Nxa3 38. g4 Be6 39. Be4 Nc4 40. Bd3 Nd2 41. Re3 Bd5 42. Kf2 f6 43. exf6 exf6 44. Bxf6 Rh7 45. Rxh7 Kxh7 46. g5 Rc6 47. Re7+ Kg8 48. Bxg6 Rc8 49. Rh7 1-0

[Event "9th Bangabandhu Blitz Men 2021"]
[Site "Dhaka"]
[Date "2021.04.03"]
[Round "4.2"]
[White "Zia, Tahsin Tajwar"]
[Black "Hossain, Enamul"]
[Result "0-1"]
[ECO "D73"]
[WhiteElo "2170"]
[BlackElo "2404"]
[Annotator "ChessBase"]
[PlyCount "95"]
[EventDate "2021.04.02"]
[EventType "swiss"]
[EventCountry "BAN"]
[SourceTitle "playchess.com"]
[Source "ChessBase"]
[SourceQuality "1"]
[TimeControl "1500+10"]

1. Nf3 d5 2. d4 Nf6 3. g3 g6 4. Bg2 Bg7 5. O-O c6 6. c4 dxc4 7. a4 Ne4 8. Qc2 Nd6 9. Nbd2 Na6 10. Nxc4 Nb4 11. Qb3 a5 12. Nxd6+ Qxd6 13. Bf4 Qd5 14. Qc3 O-O 15. Rfd1 Bf5 16. Ne5 Qd8 17. e4 Be6 18. h4 f6 19. Nf3 Bg4 20. Rd2 Kh8 21. Nh2 Bd7 22. Rad1 f5 23. e5 Be6 24. h5 Bd5 25. h6 Bf6 26. exf6 exf6 27. Qc5 g5 28. Be3 Re8 29. Nf3 Rg8 30. Ne1 f4 31. gxf4 gxf4 32. Bxf4 Qd7 33. Qd6 Qf5 34. Bg3 Rg6 35. Qf4 Qh5 36. Bf3 Qxh6 37. Qxh6 Rxh6 38. Bxd5 Nxd5 39. Nd3 Rg8 40. Nc5 f5 41. Kf1 f4 42. Rd3 fxg3 43. Rxg3 Rxg3 44. fxg3 Ne3+ 45. Ke2 Nxd1 46. Kxd1 Rg6 47. Nxb7 Rxg3 48. Nxa5 0-1

[Event "9th Bangabandhu Blitz Men 2021"]
[Site "Dhaka"]
[Date "2021.04.03"]
[Round "4.3"]
[White "Asaduzzaman, Ahad"]
[Black "Rahman, Ziaur"]
[Result "0-1"]
[ECO "B50"]
[WhiteElo "1742"]
[BlackElo "2432"]
[Annotator "ChessBase"]
[PlyCount "69"]
[EventDate "2021.04.02"]
[EventType "swiss"]
[EventCountry "BAN"]
[SourceTitle "playchess.com"]
[Source "ChessBase"]
[SourceQuality "1"]
[TimeControl "1500+10"]

1. Nc3 c5 2. e4 Nc6 3. Nf3 d6 4. Bc4 e6 5. O-O Nf6 6. a3 Be7 7. d3 O-O 8. h3 b6 9. Ba2 Bb7 10. Be3 Rc8 11. Qd2 a6 12. Rad1 b5 13. Ne2 d5 14. exd5 Nxd5 15. Bg5 f6 16. Bh4 Kh8 17. Bg3 e5 18. c4 Nc7 19. Qc2 Qd7 20. Nc3 Nd4 21. Nxd4 cxd4 22. Ne2 f5 23. f3 f4 24. Bf2 Rf6 25. Bh4 Rg6 26. Bxe7 Qxe7 27. Rde1 Qg5 28. Nc1 Nd5 29. Qe2 Ne3 30. Rf2 Qf5 31. Kh2 Rg3 32. cxb5 axb5 33. Bb3 Rc6 34. Bd1 Rh6 35. Nb3 0-1

[Event "9th Bangabandhu Blitz Men 2021"]
[Site "Dhaka"]
[Date "2021.04.03"]
[Round "4.5"]
[White "Mohammad Minhaz Uddin"]
[Black "Ghosh, Chanchal Kumer"]
[Result "1-0"]
[ECO "B80"]
[WhiteElo "2281"]
[BlackElo "2052"]
[Annotator "NA"]
[PlyCount "66"]
[EventDate "2021.04.02"]
[EventType "swiss"]
[EventCountry "BAN"]
[SourceTitle "playchess.com"]
[Source "ChessBase"]
[SourceQuality "1"]
[TimeControl "1500+10"]

1. e4 c5 2. Nf3 d6 3. d4 cxd4 4. Nxd4 Nf6 5. Nc3 a6 6. g3 e6 7. Bg2 Be7 8. O-O Qc7 9. Be3 Nbd7 10. f4 O-O 11. g4 Nb6 12. g5 Nfd7 13. Kh1 Nc4 14. Bc1 b5 15. b3 Ncb6 16. Bb2 Bb7 17. Qh5 Rfe8 18. f5 e5 19. Nde2 Bf8 20. a3 d5 21. Rac1 dxe4 22. Nxe4 Nc5 23. N2g3 Nxe4 24. Nxe4 Bxe4 25. Bxe4 Rad8 26. g6 fxg6 27. fxg6 h6 28. Qf5 Qe7 29. Rce1 Nd7 30. Qf7+ Kh8 31. Bc6 Nf6 32. Bxe8 Qxe8 33. Rxf6 gxf6 1-0

[Event "9th Bangabandhu Blitz Men 2021"]
[Site "Dhaka"]
[Date "2021.04.03"]
[Round "4.7"]
[White "Avik, Sarker"]
[Black "Islam, Khandaker Aminul"]
[Result "0-1"]
[ECO "A47"]
[WhiteElo "2035"]
[BlackElo "2210"]
[Annotator "NA"]
[PlyCount "128"]
[EventDate "2021.04.02"]
[EventType "swiss"]
[EventCountry "BAN"]
[SourceTitle "playchess.com"]
[Source "ChessBase"]
[SourceQuality "1"]
[TimeControl "1500+10"]

1. d4 Nf6 2. Bf4 e6 3. e3 c5 4. c3 b6 5. Nd2 Be7 6. Ngf3 O-O 7. Bd3 Ba6 8. Bxa6 Nxa6 9. Qe2 Qc8 10. h3 Qb7 11. O-O b5 12. a3 d6 13. b4 Nd5 14. Qd3 Nxf4 15. exf4 Nc7 16. bxc5 dxc5 17. Qe4 Qd5 18. Qxd5 Nxd5 19. dxc5 Bxc5 20. Ne4 Rac8 21. g3 Be7 22. Rfc1 Rc4 23. Nfd2 Rc7 24. c4 Rfc8 25. Kf1 bxc4 26. Ke2 c3 27. Nb3 f5 28. Ng5 Bxg5 29. fxg5 e5 30. Rc2 Rc4 31. Rac1 Ra4 32. f4 exf4 33. gxf4 Nxf4+ 34. Kf3 Nd5 35. Rd1 Rxa3 36. Rxd5 Rxb3 37. Ra5 Rc7 38. Raa2 Kf7 39. Kf4 Kg6 40. Ra6+ Rb6 41. Ra3 Rc4+ 42. Kf3 a6 43. Raxc3 Rxc3+ 44. Rxc3 Kxg5 45. Rc7 Rb3+ 46. Kg2 Rb2+ 47. Kf3 Kh6 48. Rc6+ g6 49. Rxa6 Kg5 50. Ra7 h6 51. Ra4 Rb3+ 52. Kg2 Kh5 53. Rc4 g5 54. Ra4 f4 55. Rc4 Kh4 56. Rc6 h5 57. Rh6 Rg3+ 58. Kf2 Rxh3 59. Rd6 g4 60. Rd4 f3 61. Ra4 Rh2+ 62. Kg1 Rb2 63. Ra3 Kg3 64. Ra1 h4 0-1

[Event "9th Bangabandhu Blitz Men 2021"]
[Site "Dhaka"]
[Date "2021.04.03"]
[Round "4.8"]
[White "Rahman, Taibur"]
[Black "Manon, Reja Neer"]
[Result "1-0"]
[ECO "D36"]
[WhiteElo "2189"]
[BlackElo "2112"]
[Annotator "NA"]
[PlyCount "67"]
[EventDate "2021.04.02"]
[EventType "swiss"]
[EventCountry "BAN"]
[SourceTitle "playchess.com"]
[Source "ChessBase"]
[SourceQuality "1"]
[TimeControl "1500+10"]

1. d4 Nf6 2. c4 e6 3. Nf3 d5 4. Nc3 Be7 5. cxd5 exd5 6. Bg5 c6 7. Qc2 Be6 8. e3 Nbd7 9. Bd3 O-O 10. O-O Re8 11. Rab1 h6 12. Bh4 Rc8 13. b4 a5 14. a3 axb4 15. axb4 Qc7 16. Rfc1 Bd6 17. Bg3 Bg4 18. Nb5 cxb5 19. Qxc7 Rxc7 20. Bxd6 Rc6 21. Rxc6 bxc6 22. Rc1 Re6 23. Rxc6 Ne8 24. Rc8 Nb6 25. Rd8 Nc4 26. Bc5 g6 27. h3 Bxf3 28. gxf3 Kg7 29. Rxd5 Nc7 30. Rd7 Na6 31. Rb7 Nb2 32. Bxb5 Nxc5 33. bxc5 Nd1 34. c6 1-0

[Event "9th Bangabandhu Blitz Men 2021"]
[Site "Dhaka"]
[Date "2021.04.03"]
[Round "5.1"]
[White "Hossain, Enamul"]
[Black "Reefat, Bin-Sattar"]
[Result "1-0"]
[ECO "C11"]
[WhiteElo "2404"]
[BlackElo "2401"]
[Annotator "ChessBase"]
[PlyCount "93"]
[EventDate "2021.04.02"]
[EventType "swiss"]
[EventCountry "BAN"]
[SourceTitle "playchess.com"]
[Source "ChessBase"]
[SourceQuality "1"]
[TimeControl "1500+10"]

1. e4 e6 2. d4 d5 3. Nc3 Nf6 4. e5 Nfd7 5. Nce2 c5 6. c3 Nc6 7. Nf3 Qb6 8. a3 cxd4 9. cxd4 Na5 10. b4 Nc4 11. Rb1 a5 12. Nf4 axb4 13. Bxc4 dxc4 14. axb4 Bxb4+ 15. Kf1 Qa5 16. d5 Nc5 17. Qd4 Bd7 18. Kg1 b5 19. Be3 Nb3 20. Qe4 Rc8 21. h4 Nc5 22. Bxc5 Bxc5 23. Ng5 Qd2 24. Rf1 exd5 25. Qf3 h6 26. Nxf7 Kxf7 27. e6+ Bxe6 28. Qh5+ Ke7 29. Nxe6 Kxe6 30. Qg6+ Kd7 31. Qxg7+ Be7 32. Rh3 Rhg8 33. Qh7 Rcf8 34. Re3 Qb4 35. Qxh6 Qd6 36. Qh5 Rf4 37. Rfe1 Bd8 38. Qh7+ Kc6 39. Qxg8 Rxh4 40. Re6 Bc7 41. Qe8+ Kc5 42. Rxd6 Bxd6 43. Qc8+ Kd4 44. Qd8 Rh6 45. Qg5 Bh2+ 46. Kf1 Rh7 47. Qe3# 1-0

[Event "9th Bangabandhu Blitz Men 2021"]
[Site "Dhaka"]
[Date "2021.04.03"]
[Round "5.2"]
[White "Rahman, Ziaur"]
[Black "Rahman, Taibur"]
[Result "1-0"]
[ECO "D05"]
[WhiteElo "2432"]
[BlackElo "2189"]
[Annotator "ChessBase"]
[PlyCount "64"]
[EventDate "2021.04.02"]
[EventType "swiss"]
[EventCountry "BAN"]
[SourceTitle "playchess.com"]
[Source "ChessBase"]
[SourceQuality "1"]
[TimeControl "1500+10"]

1. d4 d5 2. Nf3 c5 3. e3 e6 4. c3 Nf6 5. Nbd2 Nc6 6. Bd3 Bd6 7. dxc5 Bxc5 8. b4 Be7 9. Bb2 O-O 10. O-O a6 11. a4 Bd7 12. e4 Qc7 13. Qe2 Rfd8 14. e5 Ng4 15. Rfe1 Be8 16. h3 Nh6 17. g4 g6 18. Nb3 Bf8 19. Bc1 Kh8 20. Bg5 Rdc8 21. Rac1 Ng8 22. Kg2 Bg7 23. a5 Na7 24. Nbd4 Nc6 25. h4 Nxd4 26. cxd4 Qd7 27. h5 Rxc1 28. Bxc1 Rc8 29. Rh1 Ne7 30. hxg6 fxg6 31. Ng5 h6 32. Nf3 Kg8 1-0

[Event "9th Bangabandhu Blitz Men 2021"]
[Site "Dhaka"]
[Date "2021.04.03"]
[Round "5.3"]
[White "Islam, Khandaker Aminul"]
[Black "Mollah Abdullah, Al Rakib"]
[Result "0-1"]
[ECO "A40"]
[WhiteElo "2210"]
[BlackElo "2464"]
[Annotator "ChessBase"]
[PlyCount "56"]
[EventDate "2021.04.02"]
[EventType "swiss"]
[EventCountry "BAN"]
[SourceTitle "playchess.com"]
[Source "ChessBase"]
[SourceQuality "1"]
[TimeControl "1500+10"]

1. d4 g6 2. Nf3 Bg7 3. c3 d6 4. h3 Nd7 5. Bg5 h6 6. Bh4 g5 7. Bg3 e6 8. Nbd2 f5 9. e3 Ngf6 10. Bc4 Qe7 11. a4 a5 12. Qc2 b6 13. Qb3 e5 14. O-O-O e4 15. Ng1 Nf8 16. f3 Bb7 17. fxe4 Nxe4 18. Nxe4 Bxe4 19. Nf3 O-O-O 20. Rhe1 Kb8 21. Re2 Ng6 22. Nd2 Bb7 23. Bf7 Qf6 24. Qe6 Qxe6 25. Bxe6 Rhf8 26. Rf2 Ne7 27. h4 Rf6 28. Bb3 Rdf8 0-1

[Event "9th Bangabandhu Blitz Men 2021"]
[Site "Dhaka"]
[Date "2021.04.03"]
[Round "5.4"]
[White "Subrota, Biswas"]
[Black "Mohammad Minhaz Uddin"]
[Result "1/2-1/2"]
[ECO "E11"]
[WhiteElo "2256"]
[BlackElo "2281"]
[Annotator "NA"]
[PlyCount "51"]
[EventDate "2021.04.02"]
[EventType "swiss"]
[EventCountry "BAN"]
[SourceTitle "playchess.com"]
[Source "ChessBase"]
[SourceQuality "1"]
[TimeControl "1500+10"]

1. d4 Nf6 2. c4 e6 3. Nf3 Bb4+ 4. Bd2 a5 5. Nc3 b6 6. e3 Bb7 7. Be2 O-O 8. O-O Bxc3 9. Bxc3 Ne4 10. Be1 f5 11. Nd2 Nxd2 12. Qxd2 Qg5 13. f3 f4 14. e4 d6 15. Rc1 Nd7 16. Bf2 Rad8 17. c5 dxc5 18. dxc5 Nxc5 19. Qc2 Bxe4 20. fxe4 f3 21. Bxf3 Rxf3 22. Bg3 Qe3+ 23. Bf2 Qg5 24. Bg3 Qe3+ 25. Bf2 Qg5 26. Bg3 1/2-1/2

[Event "9th Bangabandhu Blitz Men 2021"]
[Site "Dhaka"]
[Date "2021.04.03"]
[Round "5.5"]
[White "Mohammad Fahad, Rahman"]
[Black "Zia, Tahsin Tajwar"]
[Result "1-0"]
[ECO "B12"]
[WhiteElo "2321"]
[BlackElo "2170"]
[Annotator "NA"]
[PlyCount "67"]
[EventDate "2021.04.02"]
[EventType "swiss"]
[EventCountry "BAN"]
[SourceTitle "playchess.com"]
[Source "ChessBase"]
[SourceQuality "1"]
[TimeControl "1500+10"]

1. e4 c6 2. d4 d5 3. e5 Bf5 4. h4 h5 5. c4 e6 6. Nc3 dxc4 7. Bxc4 Ne7 8. Nge2 Nd7 9. Ng3 Bg6 10. Bg5 Qb6 11. O-O Nf5 12. Nxf5 Bxf5 13. Ne2 a5 14. Ng3 g6 15. Nxf5 gxf5 16. Be2 Be7 17. Be3 Qc7 18. Rc1 Nb6 19. g3 Nd5 20. Qd3 Qd7 21. Bf3 Rg8 22. Kh2 Qd8 23. Kh3 Qb6 24. Bd2 Rd8 25. a3 a4 26. Qc4 Qxb2 27. Ba5 b6 28. Qxc6+ Kf8 29. Bb4 Bxb4 30. axb4 Qxb4 31. Rfd1 Kg7 32. Rb1 Qc3 33. Bxd5 Rxd5 34. Qxc3 1-0

[Event "9th Bangabandhu Blitz Men 2021"]
[Site "Dhaka"]
[Date "2021.04.03"]
[Round "5.6"]
[White "Anata, Choudhury"]
[Black "Mohammed Abdul, Malek"]
[Result "1-0"]
[ECO "B01"]
[WhiteElo "2184"]
[BlackElo "2125"]
[Annotator "NA"]
[PlyCount "63"]
[EventDate "2021.04.02"]
[EventType "swiss"]
[EventCountry "BAN"]
[SourceTitle "playchess.com"]
[Source "ChessBase"]
[SourceQuality "1"]
[TimeControl "1500+10"]

1. e4 d5 2. exd5 Qxd5 3. Nf3 Nf6 4. d4 Bg4 5. Be2 e6 6. O-O Be7 7. c4 Qd8 8. Nc3 O-O 9. Be3 c6 10. h3 Bh5 11. Qb3 Qc8 12. Rfd1 Nbd7 13. Rac1 a5 14. a3 Qc7 15. d5 Nc5 16. Qa2 a4 17. dxe6 Nxe6 18. Nd4 Nxd4 19. Bxd4 Bg6 20. Bd3 Rfd8 21. Bxg6 hxg6 22. Qb1 Qf4 23. Ne2 Qf5 24. Bb6 Rxd1+ 25. Rxd1 Qxb1 26. Rxb1 Nd7 27. Bd4 Bf6 28. Rd1 Re8 29. Nc3 Bxd4 30. Rxd4 Nc5 31. Kf1 Kf8 32. h4 1-0

[Event "9th Bangabandhu Blitz Men 2021"]
[Site "Dhaka"]
[Date "2021.04.03"]
[Round "5.7"]
[White "Ahmed, Sheikh Nasir"]
[Black "Asaduzzaman, Ahad"]
[Result "1/2-1/2"]
[ECO "C45"]
[WhiteElo "2176"]
[BlackElo "1742"]
[Annotator "NA"]
[PlyCount "114"]
[EventDate "2021.04.02"]
[EventType "swiss"]
[EventCountry "BAN"]
[SourceTitle "playchess.com"]
[Source "ChessBase"]
[SourceQuality "1"]
[TimeControl "1500+10"]

1. e4 Nc6 2. d4 e5 3. Nf3 exd4 4. Nxd4 Qf6 5. Nb5 Qd8 6. N1c3 a6 7. Nd4 Bc5 8. Nxc6 bxc6 9. Bc4 Qf6 10. O-O Nh6 11. e5 Qh4 12. Be2 O-O 13. g3 Qe7 14. Bxh6 gxh6 15. Bd3 Bb6 16. Qg4+ Qg5 17. Qe4 Qg7 18. Rae1 Kh8 19. Qh4 d5 20. exd6 cxd6 21. Ne4 d5 22. Nf6 Bd8 23. Nh5 Bxh4 24. Nxg7 Kxg7 25. gxh4 Bh3 26. Re3 Bxf1 27. Kxf1 Rae8 28. Rg3+ Kh8 29. Rf3 Re6 30. Bxa6 f6 31. Bd3 Kg7 32. Rg3+ Kh8 33. a4 c5 34. b3 Rfe8 35. Rf3 Kg7 36. Rf5 Re5 37. Rf3 Rf8 38. Rg3+ Kh8 39. Bb5 Rg8 40. Rf3 f5 41. Bd3 Rf8 42. a5 Kg7 43. a6 Kf6 44. Rg3 Rf7 45. Rg8 Ra7 46. Rb8 Re6 47. Rd8 Ke5 48. Rf8 Rf6 49. Rb8 Kd4 50. Rd8 f4 51. Kg2 f3+ 52. Kh3 Rg7 53. Rb8 Rf4 54. Rb7 Rgg4 55. a7 Rxh4+ 56. Kg3 Rhg4+ 57. Kh3 Ke5 1/2-1/2

[Event "9th Bangabandhu Blitz Men 2021"]
[Site "Dhaka"]
[Date "2021.04.03"]
[Round "5.8"]
[White "Masum, Hossain"]
[Black "Rahman, Syed Mahfuzur"]
[Result "1-0"]
[ECO "A29"]
[WhiteElo "2061"]
[BlackElo "2206"]
[Annotator "NA"]
[PlyCount "111"]
[EventDate "2021.04.02"]
[EventType "swiss"]
[EventCountry "BAN"]
[SourceTitle "playchess.com"]
[Source "ChessBase"]
[SourceQuality "1"]
[TimeControl "1500+10"]

1. c4 e5 2. Nc3 Nf6 3. g3 d5 4. cxd5 Nxd5 5. Bg2 Nb6 6. d3 Be7 7. Nf3 Nc6 8. O-O O-O 9. a3 a5 10. Be3 Re8 11. Rc1 Bf8 12. Ne4 Nd4 13. Nc5 c6 14. Rc3 Rb8 15. b4 axb4 16. axb4 Bg4 17. Bxd4 exd4 18. Ra3 Nd7 19. Qc2 Nxc5 20. bxc5 Qd5 21. Rc1 Ra8 22. Rb3 Ra7 23. Rb4 Bxf3 24. Bxf3 Qe5 25. h4 Rea8 26. Kg2 g6 27. Qc4 Ra5 28. Qxd4 Qxd4 29. Rxd4 Rxc5 30. Rb1 Rb8 31. Rd7 b6 32. Ra1 b5 33. Raa7 Rf5 34. Bxc6 b4 35. e4 Rf6 36. Bd5 b3 37. Rxf7 Rxf7 38. Bxf7+ Kh8 39. Ra1 b2 40. Rb1 Bg7 41. f4 Ra8 42. e5 Ra1 43. Rxb2 Bf8 44. Rb8 Kg7 45. Bc4 Rd1 46. Kf3 Bb4 47. Rxb4 Rf1+ 48. Ke4 Kh6 49. g4 Rg1 50. Be6 Kg7 51. Rb7+ Kf8 52. d4 h5 53. gxh5 gxh5 54. f5 Re1+ 55. Kd5 Rh1 56. f6 1-0

[Event "9th Bangabandhu Blitz Men 2021"]
[Site "Dhaka"]
[Date "2021.04.03"]
[Round "7.1"]
[White "Hossain, Enamul"]
[Black "Anata, Choudhury"]
[Result "1-0"]
[ECO "B50"]
[WhiteElo "2404"]
[BlackElo "2184"]
[Annotator "ChessBase"]
[PlyCount "95"]
[EventDate "2021.04.02"]
[EventType "swiss"]
[EventCountry "BAN"]
[SourceTitle "playchess.com"]
[Source "ChessBase"]
[SourceQuality "1"]
[TimeControl "1500+10"]

1. e4 c5 2. Nf3 d6 3. c3 Nf6 4. h3 Nbd7 5. Bd3 b6 6. Bc2 Bb7 7. Qe2 Qc7 8. O-O Rc8 9. d3 g6 10. Re1 Bg7 11. a4 a6 12. Na3 O-O 13. Bf4 Ne5 14. Nxe5 dxe5 15. Be3 Nd7 16. Bb3 e6 17. Bc4 Rfd8 18. Bg5 Re8 19. Qd2 Nb8 20. Nc2 Nc6 21. h4 Na5 22. Ba2 b5 23. axb5 axb5 24. h5 c4 25. d4 exd4 26. cxd4 Nc6 27. Rad1 Ra8 28. Bb1 Qb6 29. hxg6 hxg6 30. d5 Ne5 31. dxe6 Qxe6 32. Nb4 Bf6 33. Nd5 Bxg5 34. Qxg5 Bxd5 35. Rxd5 b4 36. f4 Nd7 37. Red1 Re7 38. Rd6 Nf8 39. Rxe6 Rxe6 40. f5 Rb6 41. e5 c3 42. bxc3 bxc3 43. e6 fxe6 44. fxg6 Ra1 45. Qf6 Rb7 46. Rf1 Nxg6 47. Qxg6+ Rg7 48. Qe8# 1-0